 Dungeon Crawl Stone Soup version 0.25.0-9-g26727b657a (webtiles) character file.

Game seed: 6147682082607470045

89 Esekla the Grave Robber (level 4, -4/32 HPs)
             Began as a Barachi Necromancer on June 20, 2020.
             Killed by nerve-wracking pain
             ... invoked by Grinder
              (13 damage)
             ... on level 3 of the Dungeon.
             The game lasted 00:22:42 (3453 turns).

Esekla the Grave Robber (Barachi Necromancer)       Turns: 3453, Time: 00:22:42

Health: -4/32      AC:  3    Str:  9    XL:     4   Next: 55%
Magic:  9/9        EV: 13    Int: 17    God:
Gold:   216        SH:  5    Dex: 12    Spells: 5/9 levels left

rFire    . . .     SeeInvis .   a - +0 long sword
rCold    . . .     Gourm    .   (no shield)
rNeg     . . .     Faith    .   l - +0 robe
rPois    .         Spirit   .   (no helmet)
rElec    .         Reflect  +   (no cloak)
rCorr    .         Harm     .   d - +0 pair of gloves
MR       .....                  (no boots)
Stlth    ++........             f - amulet of reflection
HPRegen  0.10/turn              m - ring of wizardry
MPRegen  0.11/turn              (no ring)

@: can't hop, slow
A: +LOS, swims, slowness 1, strong legs 1
a: Hop


You were on level 3 of the Dungeon.
You were not hungry.

You visited 1 branch of the dungeon, and saw 3 of its levels.

You collected 216 gold pieces.

Inventory:

Hand Weapons
 a - a +0 long sword (weapon)
 j - a +1 vorpal spear
 s - a +0 short sword
Missiles
 k - 16 poisoned darts (quivered)
Armour
 d - a +0 pair of gloves (worn)
 l - a +0 robe (worn)
Jewellery
 f - an amulet of reflection (around neck)
 m - a ring of wizardry (left hand)
Scrolls
 b - a scroll of remove curse {unknown}
 h - a scroll of immolation {unknown}
 i - a scroll of enchant weapon {unknown}
 n - a scroll of fog {unknown}
Potions
 e - a potion of magic {unknown}
 g - a potion of curing {unknown}
 o - 2 potions of mutation {unknown}
 p - a potion of flight {unknown}
 r - 2 potions of stabbing {unknown}
Comestibles
 c - a ration


   Skills:
 * Level 1.5 Fighting
 + Level 0.6(0.9) Short Blades
 * Level 0.8(1.0) Long Blades
 + Level 2.6 Dodging
 - Level 1.7 Stealth
 * Level 3.3 Spellcasting
 + Level 4.1 Necromancy


You had 5 spell levels left.
You knew the following spells:

 Your Spells              Type           Power        Failure   Level  Hunger
a - Pain                  Necr           ###.         1%          1    None
d - Vampiric Draining     Necr           ###.......   3%          3    ###....

Your spell library contained the following spells:

 Spells                   Type           Power        Failure   Level  Hunger
 Animate Skeleton         Necr           N/A          1%          1    None
 Animate Dead             Necr           N/A          12%         4    ####...
 Agony                    Necr           ###.....     32%         5    ######.


Dungeon Overview and Level Annotations

Branches:
Dungeon (3/15)

Altars:
Ashenzari
Nemelex Xobeh
Sif Muna

Annotations:
D:3 Grinder, Jessica


Innate Abilities, Weirdness & Mutations

You can be seen from farther away. (+LOS)
You can swim through water.
You cover ground slowly.
You can hop short distances.


Message History

Grinder hits you!
You writhe in agony.
Grinder gestures at you.
You barely resist. Grinder gestures at you.
You shrug off the repeated paralysis!
Grinder hits you.
You writhe in agony.
* * * LOW HITPOINT WARNING * * *
You can move again.
Casting: Vampiric Draining (dangerous; 3% risk of failure)
Confirm with . or Enter, or press ? or * to list all spells.
Aiming: Vampiric Draining (dangerous; 3% risk of failure)
Press: ? - help, Shift-Dir - straight line, f - Grinder
Aim: Grinder, carrying a wand of digging (6)
You can't drain life from that!
Hop to where?
Press: ? - help, Dir - move target cursor, p - Grinder Boing!
Grinder gestures at you. Pain shoots through your body!
You die...

.._..#.###.##.#.### #
#.#.# ._8....#
#.##)#.#.# .# ♣ .....
.._..#.###........#.$
.. .####
......#.........###.
.. .
.........(.##.####. '.
#.....##.#.##.# #. .#
............#.##. P.#
....>...........##.P.#
....#####...##..@....#
.... ##.##5☼......#
.... #.#.#####8..# ...
#.. ♣..# #.# ..# #§#
... ... #P. .5# ... ..


You could see Grinder.

Vanquished Creatures
  An adder (D:2)
  An ooze (D:3)
  3 worms (D:2)
  3 bats
  2 giant cockroaches
  9 goblins
  9 hobgoblins
  9 jackals
  10 kobolds
  3 quokkas
  6 frilled lizards
  6 rats
  2 bushes (D:2)
  A plant (D:2)
65 creatures vanquished.

Notes
Turn   | Place    | Note
-------+----------+-------------------------------------------
     0 | D:1      | Esekla the Barachi Necromancer began the quest for the Orb.
     0 | D:1      | Reached XP level 1. HP: 13/13 MP: 3/3
   261 | D:1      | Reached skill level 1 in Fighting
   334 | D:1      | Reached XP level 2. HP: 20/21 MP: 1/5
   957 | D:2      | Reached XP level 3. HP: 21/26 MP: 4/7
  1166 | D:1      | Learned a level 3 spell: Vampiric Draining
  1500 | D:1      | Reached skill level 4 in Necromancy
  2348 | D:1      | Reached XP level 4. HP: 30/32 MP: 5/8
  3406 | D:3      | Noticed Jessica
  3427 | D:3      | Found a sparkling altar of Nemelex Xobeh.
  3428 | D:3      | Found a shimmering blue altar of Sif Muna.
  3428 | D:3      | Found a shattered altar of Ashenzari.
  3439 | D:3      | Noticed Grinder
  3447 | D:3      | Paralysed by Grinder for 6 turns
  3453 | D:3      | Killed from afar by Grinder

Illustrated notes

Levels and vault maps discovered:
D:1:      heliophobic_arrival_glass_houses, layout_basic
D:2:      layout_rooms, serial_forest, infiniplex_forest_clump_long,
          infiniplex_forest_straight_2, infiniplex_forest_clump_small,
          infiniplex_forest_end_3, infiniplex_forest_clump_large
D:3:      layout_loops_ring, lemuel_coloured_pillars_altar,
          chequers_temple_overflow_statue_of_worship,
          chequers_ecumenical_altar_lobes, uniq_natasha, uniq_jessica,
          uniq_grinder

Skill      XL: |  1  2  3 |
---------------+----------+-----
Fighting       | 1 |  1.5
Necromancy     | 4 |  4.1
Spellcasting   | 3 |  3.3
Short Blades   | |  0.6
Long Blades    | |  0.8
Dodging        | |  2.6
Stealth        | |  1.7

Action                   |  1- 3 |  4- 6 || total
-------------------------+-------+-------++-------
Melee: Short sword       |    89 |    30 ||   119
       Long sword        |       |   299 ||   299
Throw: Dart              |     5 |       ||     5
 Cast: Pain              |    36 |       ||    36
       Vampiric Draining |    11 |     5 ||    16
 Abil: Hop               |     1 |     1 ||     2
 Stab: Sleeping          |     2 |       ||     2
       Distracted        |     1 |       ||     1
  Eat: Chunk             |     7 |     5 ||    12
Armor: Robe              |    27 |     9 ||    36
Dodge: Dodged            |    69 |    40 ||   109
Block: Other             |    27 |    18 ||    45
       Rpst.: Long sword |       |     6 ||     6
